 Dungeon Crawl Stone Soup version 0.31-a0-95-g6fa058ef04 (webtiles) character file.

Game seed: 17542638031624781317

3262 frimble the Sneak (level 10, -4/66 HPs)
             Began as an Octopode Warper on May 25, 2023.
             Was an Elder of Cheibriados.
             Slain by a two-headed ogre
             ... wielding a +0 giant spiked club
              (21 damage)
             ... on level 9 of the Dungeon.
             The game lasted 00:16:10 (8118 turns).

frimble the Sneak (Octopode Warper)                 Turns: 8118, Time: 00:16:10

Health: -4/66      AC:  1    Str: 23    XL:     10   Next: 0%
Magic:  13/13      EV: 17    Int: 28    God:    Cheibriados [****..]
Gold:   406        SH:  0    Dex: 21    Spells: 8/13 levels left

rFire   . . .        m - +2 short sword (vamp)
rCold   + + .        (no shield)
rNeg    . . .        (helmet restricted)
rPois   .            (no amulet)
rElec   .            g - ring of Due Proportion {rC+ Str+3 SInv}
rCorr   .            q - ring of willpower
SInv    +            v - ring of protection from cold
Will    +....        (no ring)
Stlth   +++++        (no ring)
HPRegen 0.31/turn    (no ring)
MPRegen 0.13/turn    (no ring)
                     (no ring)

%: no passive effects
@: lethally poisoned (-4 -> -9), very slow
A: almost no armour, amphibious, 8 rings, camouflage 1, gelatinous body 1,
(nimble swimmer 1), tentacles
a: Renounce Religion, Bend Time, Temporal Distortion, Slouch


You were on level 9 of the Dungeon.
You worshipped Cheibriados.
Cheibriados was greatly pleased with you.
You visited 1 branch of the dungeon, and saw 9 of its levels.
You also visited: Ossuary.

You collected 406 gold pieces.

Inventory:

Hand Weapons
 a - a +0 short sword
 k - a +1 dagger of venom
 m - a +2 vampiric short sword (weapon)
Missiles
 c - 6 boomerangs of dispersal
 f - 3 javelins (quivered)
 h - 7 boomerangs
Armour
 H - a +0 buckler
Jewellery
 g - the ring of Due Proportion (left tentacle) {rC+ Str+3 SInv}
   (You acquired it on level 3 of the Dungeon)

   [ring of see invisible]

   Str:       It affects your strength (+3).
   rC:        It protects you from cold.
   SInv:      It lets you see invisible.
 q - a ring of willpower (right tentacle)
 v - a ring of protection from cold (on tentacle)
Wands
 D - a wand of paralysis (8)
 E - a wand of flame (14)
 F - a wand of polymorph (5)
Scrolls
 b - 2 scrolls of blinking
 e - 3 scrolls of poison
 l - a scroll of silence
 n - 2 scrolls of identify
 o - 2 scrolls of immolation
 r - 3 scrolls of enchant armour
 t - 2 scrolls of magic mapping
 x - a scroll of torment
 y - 2 scrolls of teleportation
 G - a scroll of butterflies
Potions
 d - 3 potions of brilliance
 i - a potion of invisibility
 j - 2 potions of attraction
 p - a potion of mutation
 s - 5 potions of curing
 u - a potion of heal wounds
 w - 3 potions of berserk rage
 z - 2 potions of enlightenment
 A - a potion of cancellation
 B - a potion of magic
 C - 2 potions of might


   Skills:
 - Level 5.3 Fighting
 + Level 6.5 Short Blades
 - Level 1.0 Throwing
 + Level 5.8 Dodging
 - Level 6.7 Stealth
 + Level 3.5 Shields
 - Level 2.0 Spellcasting
 - Level 3.0 Translocations
 - Level 4.0 Fire Magic
 - Level 5.0 Poison Magic
 + Level 4.5 Evocations


You had 8 spell levels left.
You knew the following spells:

 Your Spells              Type           Power      Damage    Failure   Level
a - Blink                 Tloc           38%        N/A       4%          2
b - Ignite Poison         Fire/Tmut/Pois 17%        N/A       9%          3

Your spell library contained the following spells:

 Spells                   Type           Power      Damage    Failure   Level
 Lesser Beckoning         Tloc           38%        N/A       4%          2
 Volatile Blastmotes      Fire/Tloc      42%        2d13      7%          3
 Teleport Other           Tloc           19%        N/A       8%          3
 Beastly Appendage        Tmut           4%         N/A       9%          1
 Cigotuvi's Dreadful Rot  Necr/Pois/Air  20%        N/A       9%          2
 Spider Form              Tmut/Pois      15%        N/A       11%         3
 Inner Flame              Hex/Fire       12%        N/A       13%         3
 Sublimation of Blood     Necr           2%         N/A       14%         2
 Wereblood                Tmut           2%         N/A       14%         2
 Vhi's Electric Charge    Tloc/Air       18%        N/A       16%         3
 Manifold Assault         Tloc           19%        N/A       26%         4
 Iskenderun's Mystic Bla  Conj/Tloc      9%         2d4       47%         4
 Fulminant Prism          Conj/Hex       0%         3d5       69%         4
 Lee's Rapid Deconstruct  Erth           1%         3d4*      94%         5
 Arcjolt                  Conj/Air       0%         1d10      95%         5
 Yara's Violent Unravell  Hex/Tmut       0%         3d3       95%         5
 Freezing Cloud           Conj/Ice/Air   0%         6-21      96%         5
 Enfeeble                 Hex            1%         N/A       100%        7
 Summon Hydra             Summ           1%         N/A       100%        7
 Borgnjor's Revivificati  Necr           1%         N/A       100%        8
 Maxwell's Capacitive Co  Air            1%         ∞         100%        8
 Necromutation            Tmut/Necr      0%         N/A       100%        8
 Death's Door             Necr           1%         N/A       100%        9


Dungeon Overview and Level Annotations

Branches:
Dungeon (9/15)             Temple (0/1) D:7         Ossuary (visited)
   Lair: D:8-11         Orc: D:9-12

Altars:
Cheibriados
Dithmenos
Fedhas
Gozag
Kikubaaqudgha
Nemelex Xobeh
Ru

Shops:
D:3 *   D:4 *??[

Annotations:
D:2 1 runed translucent door, Crazy Yiuf
D:5 3 runed translucent doors, Zeko's ghost, amateur HORe
D:6 3 runed translucent doors, domi's ghost, weakling SpWr
D:7 exclusion: killer bee
D:8 3 runed translucent doors, Hnau's ghost, novice MiBe


Innate Abilities, Weirdness & Mutations

You cannot wear most types of armour.
You are amphibious.
You can wear up to eight rings at the same time.
Your skin changes colour to match your surroundings (Stealth+).
Your rubbery body absorbs attacks. (AC +1, EV +1)
((You are camouflaged when in or above water. (Stealth+)))
You have tentacles for arms and can constrict up to eight enemies at once.


Message History

Cheibriados thoroughly appreciates the change of pace.
You can now inflict damage on those overly hasty.
Cheibriados raises the support of your attributes as your movement slows.
The killer bee stings you!
You barely miss the killer bee. Your grab misses the killer bee.
You feel sick. The killer bee stings you!
You miss the killer bee. You grab the killer bee. You constrict the killer bee.
The killer bee closely misses you.
You closely miss the killer bee.
The killer bee is lightly wounded.
You constrict the killer bee.
You feel sick. The killer bee stings you. x2
* * * LOW HITPOINT WARNING * * *
You hit the killer bee.
You feel better.
Your squeeze misses the killer bee.
The killer bee is heavily wounded.
You constrict the killer bee. The killer bee closely misses you.
You hit the killer bee.
You feel better.
Your squeeze misses the killer bee.
The killer bee is heavily wounded.
You constrict the killer bee.
You feel sick. The killer bee completely misses you. The killer bee stings you.
* * * LOW HITPOINT WARNING * * *
You are more poisoned.
The killer bee poisons you!
You barely miss the killer bee. You squeeze the killer bee.
You kill the killer bee!
Cheibriados thoroughly appreciates the change of pace.
You feel sick.
You have reached level 10!
You feel agile.
Aiming: Paralyse
Press: ? - help, Shift-Dir - straight line, f - two-headed ogre
Aim: a two-headed ogre, wielding a +0 giant spiked club and a +0 giant club (chance to affect: 43%)
The two-headed ogre resists with some effort.
You feel sick.
Aiming: Paralyse
Press: ? - help, Shift-Dir - straight line, f/p - two-headed ogre
Aim: a two-headed ogre, wielding a +0 giant spiked club and a +0 giant club (chance to affect: 43%)
The two-headed ogre resists with some effort.
You feel sick.
The two-headed ogre hits you with a +0 giant spiked club!!
You die...

.. ##.# #.# ... #†#
#.# ...# ##.# #.#
....###..#########.#
#.......#......<..#
#......##.#########
..###$##.....^#
......####.####
.......O@..#
y....####### ... .


You could see a two-headed ogre.

Vanquished Creatures
  2 steam dragons
  Edmund (D:4)
  3 water moccasins
  2 ice beasts (D:6)
  2 black bears (D:7)
  2 ogres
  A sky beast (D:6)
  A wolf (D:9)
  A centaur (D:7)
  A phantom (D:5)
  5 bullfrogs
  2 scorpions (D:4)
  A wight (D:8)
  4 killer bees (D:9)
  3 jellies
  5 hounds
  2 orc priests
  4 iguanas
  A sleepcap (D:4)
  8 orc wizards
  14 mummies
  10 adders
  5 gnolls
  A shadow imp (D:6)
  2 ufetubi
  4 worms
  2 dart slugs
  21 orcs
  8 ball pythons
  5 bats
  10 endoplasms
  5 giant cockroaches
  4 goblins
  4 hobgoblins
  3 jackals (D:4)
  2 quokkas
  2 frilled lizards (D:1)
  3 gnoll skeletons (Ossuary)
  A goblin skeleton (Ossuary)
  A hobgoblin zombie (D:6)
  17 kobolds
  A kobold skeleton (Ossuary)
  3 orc skeletons (Ossuary)
  An orc zombie (D:6)
  2 rats
  11 rat skeletons (Ossuary)
193 creatures vanquished.

Notes
Turn   | Place    | Note
-------+----------+-------------------------------------------
     0 | D:1      | frimble the Octopode Warper began the quest for the Orb.
     0 | D:1      | Reached XP level 1. HP: 14/14 MP: 3/3
    15 | D:1      | Found a faded altar of an unknown god.
   170 | D:1      | Reached XP level 2. HP: 16/19 MP: 5/5
   192 | D:1      | Reached skill level 1 in Stealth
   650 | D:1      | Reached XP level 3. HP: 25/25 MP: 6/6
   738 | D:1      | Learned a level 2 spell: Blink
   983 | D:2      | Identified the staff of air "Joacooke" {rElec rC- rN+ MP+9
                  | Int+7}
  1103 | D:2      | Reached XP level 4. HP: 14/30 MP: 7/7
  1363 | D:2      | Found a runed translucent door.
  1364 | D:2      | Noticed Crazy Yiuf
  1644 | D:3      | Identified a scroll of acquirement
  1644 | D:3      | Acquired the ring of Due Proportion {rC+ Str+3 SInv}
  1664 | D:3      | Found a blossoming altar of Fedhas.
  1758 | D:3      | Found Zeonois's Assorted Antiques.
  1886 | D:3      | Found a shadowy altar of Dithmenos.
  2162 | D:4      | Noticed an ogre
  2192 | D:4      | Found Humij's Magic Scroll Shoppe.
  2205 | D:4      | Reached XP level 5. HP: 36/36 MP: 8/8
  2223 | D:4      | Found Woisac's Magic Scroll Emporium.
  2586 | D:4      | Learned a level 3 spell: Ignite Poison
  2611 | D:4      | Noticed Edmund
  2641 | D:5      | Entered Level 5 of the Dungeon
  2806 | D:5      | Found a snail-covered altar of Cheibriados.
  2817 | D:5      | Became a worshipper of Cheibriados the Contemplative
  2882 | D:5      | Found a sparkling altar of Nemelex Xobeh.
  3022 | D:5      | Reached skill level 1 in Poison Magic
  3022 | D:5      | Reached XP level 6. HP: 39/43 MP: 9/9
  3027 | D:5      | Reached skill level 1 in Fire Magic
  3133 | D:6      | Noticed an ice beast
  3152 | D:6      | Killed an ice beast
  3153 | D:6      | Reached XP level 7. HP: 16/47 MP: 6/10
  3347 | D:6      | Identified the +0 leather armour of Busashrel {rF+ Str+2
                  | Stlth+}
  3609 | D:6      | Found an opulent altar of Gozag.
  3621 | D:6      | Found a sand-covered staircase.
  3631 | Ossuary  | Entered an ossuary
  3753 | Ossuary  | Reached * piety under Cheibriados
  3798 | Ossuary  | Reached skill level 5 in Poison Magic
  4002 | Ossuary  | Reached XP level 8. HP: 54/54 MP: 11/11
  4425 | D:6      | Reached skill level 5 in Stealth
  4808 | D:6      | Found a runed translucent gate.
  4808 | D:6      | Found a runed translucent gate.
  4808 | D:6      | Found a runed translucent gate.
  4809 | D:6      | Noticed domi's ghost (weakling SpWr)
  5055 | D:5      | Reached ** piety under Cheibriados
  5079 | D:5      | Found a runed translucent gate.
  5080 | D:5      | Found a runed translucent gate.
  5082 | D:5      | Found a runed translucent gate.
  5082 | D:5      | Noticed Zeko's ghost (amateur HORe)
  5083 | D:5      | Identified the +0 hand axe of the Evening {heavy, Str+4}
  5135 | D:5      | Found the +3 giant club "Skullcrusher" {speed, Str+7}
  5454 | D:4      | Found Qirchu Kustrog's Assorted Antiques.
  5550 | D:4      | Killed Edmund
  5717 | D:4      | Found a transporter.
  5717 | D:4      | Found Vopn's Armour Emporium.
  5733 | D:4      | Reached skill level 5 in Fighting
  5743 | D:4      | Reached skill level 1 in Evocations
  5864 | D:4      | Reached skill level 5 in Short Blades
  5874 | D:4      | Reached XP level 9. HP: 42/61 MP: 12/12
  6076 | D:4      | Found a transporter.
  6535 | D:7      | Found a sacrificial altar of Ru.
  6749 | D:7      | Reached skill level 1 in Shields
  6811 | D:7      | Reached *** piety under Cheibriados
  7016 | D:7      | Noticed Maggie
  7023 | D:7      | Reached skill level 5 in Dodging
  7023 | D:7      | Maggie changed into Maggie the worm
  7023 | D:7      | Noticed Maggie
  7028 | D:7      | Killed Maggie the worm
  7029 | D:7      | Found an ancient bone altar of Kikubaaqudgha.
  7142 | D:7      | Found a staircase to the Ecumenical Temple.
  7913 | D:8      | Noticed Hnau's ghost (novice MiBe)
  7915 | D:8      | Noticed a six-headed hydra
  7918 | D:8      | Noticed a gargoyle
  7919 | D:8      | Found a runed translucent gate.
  7919 | D:8      | Found a runed translucent gate.
  7919 | D:8      | Found a runed translucent gate.
  8099 | D:9      | Noticed a two-headed ogre
  8110 | D:9      | Reached **** piety under Cheibriados
  8117 | D:9      | Reached XP level 10. HP: 19/66 MP: 13/13
  8118 | D:9      | Slain by a two-headed ogre

Illustrated notes

Levels and vault maps discovered:
D:1:      minmay_arrival_plants_in_alcoves, layout_basic,
          hellmonk_ecumenical_altar_lost_god, minmay_fountain_box
D:2:      cheibrodos_fertilizer, layout_rooms, uniq_crazy_yiuf_cottage
D:3:      layout_basic, fedhas_altar_1, mainiacjoe_overflow_surrounded_room,
          serial_shops, shop, serial_bayou_pond_e
D:4:      layout_loops_ring, serial_shops, kennysheep_mini,
          nicolae_shop_drivethru, nicolae_diamond_shop, shop,
          minmay_joined_circles, uniq_edmund
D:5:      layout_basic, slow_altar_2, mainiacjoe_overflow_tiny_flanked,
          biasface_ghost_orc_armoury
D:6:      layout_basic, nicolae_gozag_seed_capital, ebering_ghost_rock_garden,
          serial_glass, glass_columns_a, glass_columns_c, glass_columns_c,
          nicolae_ossuary_entry_giza
D:7:      layout_loops_corners, mainiacjoe_overflow_brackets,
          nicolae_ru_the_path_less_chosen, roderic_lattice_a, uniq_maggie
D:8:      layout_basic, nicolae_wu_jian_wuxing_cycle,
          nicolae_overflow_crystal_walls, gammafunk_ghost_split,
          minmay_misc_feat_iff
D:9:      layout_loops_cross, lair_entry_dummy, serial_ice, serial_ice_i,
          serial_ice_d, serial_ice_o, serial_ice_c, uniq_harold

Skill      XL: |  1  2  3  4  5  6  7  8  9 |
---------------+----------------------------+-----
Stealth        | 1 2 3 4 6 |  6.7
Fighting       | 3 4 5 |  5.3
Short Blades   | 3 5 6 |  6.5
Poison Magic   | 1 3 5 |  5.0
Fire Magic     | 2 4 |  4.0
Dodging        | 4 5 |  5.8
Evocations     | 1 4 |  4.5
Shields        | 3 |  3.5
Throwing       | |  1.0
Spellcasting   | |  2.0
Translocations | |  3.0

Action                     |  1- 3 |  4- 6 |  7- 9 | 10-12 || total
---------------------------+-------+-------+-------+-------++-------
  Melee: Short sword       |    56 |       |   255 |       ||   311
         Constrict         |    23 |    25 |    78 |       ||   126
         Tentacles         |    21 |    32 |    86 |       ||   139
         Punch             |     2 |     3 |     5 |       ||    10
         Dagger            |    20 |    95 |    36 |       ||   151
  Throw: Boomerang         |       |     1 |       |       ||     1
         Javelin           |       |     2 |     3 |       ||     5
   Cast: Blink             |       |     3 |     1 |       ||     4
         Ignite Poison     |       |     1 |     2 |       ||     3
  Evoke: Wand              |       |       |     2 |     2 ||     4
    Use: Scroll            |     2 |    11 |    11 |       ||    24
   Stab: Sleeping          |    11 |     6 |    27 |       ||    44
 Armour: Skin              |     5 |     2 |     7 |       ||    14
  Dodge: Dodged            |    31 |    51 |   129 |       ||   211

Table legend: (Time is in decaauts)
 A = Elapsed time spent in this place.
 B = Non-inter-level travel time spent in this place.
 C = Inter-level travel time spent in this place.
 D = Time resting spent in this place.
 E = Time spent auto-exploring this place.
 F = Levels seen in this place.
 G = Mean time per level.
                   A        B        C        D        E       F      G
               +--------+--------+--------+--------+--------+-----+--------+
         Total |   9721 |   9188 |    533 |    101 |   7541 |  10 |  972.1 |
       Dungeon |   8990 |   8457 |    533 |    101 |   7018 |   9 |  998.9 |
       Ossuary |    731 |    731 |      0 |      0 |    523 |   1 |  731.0 |
               +--------+--------+--------+--------+--------+-----+--------+

Top non-repeatable levels by time:
     D:7: 1796 daAuts
     D:4: 1566 daAuts
     D:6: 1487 daAuts
     D:5: 1377 daAuts
     D:1: 943 daAuts
     D:3: 778 daAuts
 Ossuary: 731 daAuts
     D:2: 527 daAuts
     D:8: 377 daAuts
     D:9: 135 daAuts
